 Dungeon Crawl Stone Soup version 0.20-a0-656-g9b0dcd9 (console) character file.

10583 Goblin1989 the Grappler (level 11, -6/111 HPs)
             Began as a Troll Berserker on Feb 17, 2017.
             Was a High Priest of Trog.
             Killed from afar by a gargoyle (9 damage)
             ... with a stone arrow
             ... on level 11 of the Dungeon.
             The game lasted 00:24:38 (8440 turns).

Goblin1989 the Grappler (Troll Berserker)           Turns: 8440, Time: 00:24:39

Health: -6/111     AC:  9    Str: 27    XL:     11   Next: 38%
Magic:  10/10      EV: 13    Int:  3    God:    Trog [*****.]
Gold:   488        SH:  0    Dex: 12    Spells: 10/10 levels left

rFire    . . .     SeeInvis .     - Unarmed
rCold    . . .     Gourm    +   a - +0 animal skin
rNeg     . . .     Faith    .   (no shield)
rPois    +         Spirit   .   (helmet restricted)
rElec    .         Reflect  .   (no cloak)
rCorr    .         Harm     .   (gloves unavailable)
MR       ++...                  (boots unavailable)
Stlth    +.........             (no amulet)
Regen    1.7/turn               o - ring of poison resistance
MPRegen  0.2/turn               H - +4 ring of protection

@: regenerating
A: unfitting armour, claws 3, fast metabolism 3, gourmand, regeneration 1,
shaggy fur 1, tough skin 2
a: Berserk, Trog's Hand, Brothers in Arms, Burn Spellbooks, Renounce Religion


You were on level 11 of the Dungeon.
You worshipped Trog.
Trog was extremely pleased with you.
You were very full.

You visited 1 branch of the dungeon, and saw 11 of its levels.

You collected 488 gold pieces.

Inventory:

Hand Weapons
 b - the +9 hand axe "Xiubuklu" {flame, SInv}
   (You found it on level 9 of the Dungeon)

   It has been specially enchanted to burn those struck by it, causing extra
   injury to most foes and up to half again as much damage against particularly
   susceptible opponents.
   Big, fiery blades are also staple armaments of hydra-hunters.
   It lets you see invisible.
Armour
 a - a +0 animal skin (worn)
Jewellery
 o - a ring of poison resistance (right claw)
 r - an uncursed ring of fire
 H - a +4 ring of protection (left claw)
Wands
 x - a wand of digging (8/24)
Scrolls
 m - a scroll of remove curse {@r2}
 n - a scroll of fog {unknown}
 s - 2 scrolls of magic mapping {unknown}
 t - 2 scrolls of noise {unknown}
 v - a scroll of immolation {unknown}
 y - 2 scrolls of amnesia {unknown}
 z - a scroll of fear {unknown}
 B - 2 scrolls of blinking
 C - 3 scrolls of enchant weapon {unknown}
 D - a scroll of acquirement {unknown}
 G - a scroll of holy word {unknown}
 T - 7 scrolls of teleportation {!r, @r3}
Potions
 c - a potion of curing {@q1}
 h - a potion of mutation {unknown}
 i - 2 potions of lignification {unknown}
 j - a potion of flight {unknown}
 l - a potion of agility {unknown}
 p - a potion of resistance {unknown}
 q - a potion of berserk rage {unknown}
 u - 2 potions of might
 A - a potion of haste
 E - a potion of heal wounds
Comestibles
 d - 11 meat rations {@e2}
 e - 7 bread rations {@e1}
 k - 5 fruits
 w - 11 royal jellies


   Skills:
 + Level 8.0 Fighting
 + Level 7.9 Dodging
 * Level 12.9 Unarmed Combat


You had 10 spell levels left.
You didn't know any spells.

Dungeon Overview and Level Annotations

Branches:
Dungeon (11/15)            Temple (0/1) D:6
   Lair: D:8-11         Orc: D:9-12

Altars:
Cheibriados
Dithmenos
Elyvilon
Fedhas
Hepliaklqana
Makhleb
Nemelex Xobeh
Okawaru
Ru
Vehumet
Xom
Yredelemnul
Zin
The Shining One

Shops:
D:6 (   D:8 [


Innate Abilities, Weirdness & Mutations

You are too large for most types of armour.
You have claws for hands.
Your metabolism is lightning-fast.
You like to eat raw meat.
Your natural rate of healing is unusually fast.
You are covered in fur. (AC +1)
You have very tough skin. (AC +2)


Message History

An orc comes into view. It is wielding a hand axe.
You mangle the ice beast!!
You kill the ice beast!
Trog accepts your kill. The adder bites you but does no damage.
You claw the two-headed ogre!
The two-headed ogre is moderately wounded.
You eviscerate the two-headed ogre!!!
You kill the two-headed ogre!
Trog accepts your kill.
You feel sick.
You take 1 damage, and have 89/111 hp.
You claw the adder!
You kill the adder!
Trog accepts your kill.
The centaur wields a shortbow.
The centaur shoots an arrow.
The arrow hits you.
You take 1 damage, and have 88/111 hp.
Unknown command.
The centaur unwields an uncursed shortbow.
The centaur misses you.
Items here: ( )) † a giant club; a giant spiked club; an arrow; an adder corpse You barely miss the centaur.
The centaur hits you but does no damage.
A gargoyle comes into view. It is wielding a mace.
You claw the centaur!
The centaur is severely wounded.
The centaur hits you.
You take 2 damage, and have 87/111 hp.
You mangle the centaur!!
You kill the centaur!
Trog accepts your kill.
You feel sick.
The centaur shoots an arrow.
The arrow hits you! The arrow freezes you.
The centaur shoots an arrow.
The arrow hits you but does no damage.
You take 12 damage, and have 75/111 hp.
The centaur unwields an uncursed shortbow of freezing.
The centaur misses you.
The centaur unwields an uncursed shortbow.
The centaur misses you. The centaur hits you. The centaur closely misses you.
A wyvern skeleton comes into view.
Things that are here:
an uncursed shortbow; 8 arrows You take 3 damage, and have 72/111 hp.
You scratch the centaur but do no damage.
The centaur hits you but does no damage. x2
You barely miss the centaur. The centaur completely misses you.
The centaur hits you. The orc closely misses you.
You take 4 damage, and have 68/111 hp.
You scratch the centaur but do no damage.
The centaur hits you. The centaur hits you!
You take 10 damage, and have 58/111 hp.
You mangle the centaur!!
You kill the centaur!
Trog accepts your kill.
Your Fighting skill increases to level 8!
You feel sick.
You are no longer poisoned.
The centaur hits you but does no damage.
The orc closely misses you.
You mangle the centaur!!
The centaur is severely wounded.
The wyvern bites you! The centaur hits you.
* * * LOW HITPOINT WARNING * * *
The orc barely misses you. The wyvern bites you!
* * * LOW HITPOINT WARNING * * *
You take 22 damage, and have 36/111 hp.
Unknown command.
You eviscerate the wyvern!!!
You kill the wyvern!
Trog accepts your kill. The centaur closely misses you.
The centaur unwields an uncursed shortbow.
The centaur hits you!
* * * LOW HITPOINT WARNING * * *
The orc closely misses you.
A gargoyle comes into view. It is wielding a mace of crushing.
You take 6 damage, and have 30/111 hp.
You barely miss the orc.
The centaur hits you but does no damage. x2
You mangle the orc!!
You kill the orc!
Trog accepts your kill. The centaur misses you.
The centaur hits you but does no damage. x2
You barely miss the gargoyle.
The gargoyle hurls a stone arrow at you.
The stone arrow hits you!
* * * LOW HITPOINT WARNING * * *
The centaur misses you. The centaur hits you!
* * * LOW HITPOINT WARNING * * *
You take 24 damage, and have 7/111 hp.
O_OOPS!!
MASSIVE DAMAGE!!
Your skin crawls.
You feel resistant to hostile enchantments.
You feel quite a bit less full. The centaur barely misses you.
The centaur hits you.
* * * LOW HITPOINT WARNING * * *
The gargoyle hurls a stone arrow at you.
The stone arrow hits you!
You die...

.█ . . :██. ███
... ... ..████ █..
█.....█
.███..█████.......
......((9@cZ.9..%.
█████.████cF......
█ █........
█........
█........
.........
█........
...../...


You could see 2 gargoyles, a bullfrog, 2 centaurs and a wyvern skeleton.

Vanquished Creatures
  5 two-headed ogres
  The ghost of Vesto the Skirmisher, a novice GrFi (D:8)
  Joseph (D:10)
  Prince Ribbit (D:7)
  2 hornets (D:9)
  A hippogriff (D:7)
  A hungry ghost (D:10)
  2 wyverns
  9 yaks (D:9)
  Menkaure (D:5)
  A soldier ant (D:9)
  A water moccasin (D:8)
  2 orc warriors
  5 ice beasts
  A sky beast (D:8)
  3 ogres
  2 phantoms
  7 centaurs
  Blork the orc (D:6)
  3 bullfrogs
  2 scorpions
  A wyvern skeleton (D:6)
  3 howler monkeys (D:11)
  5 wights (D:10)
  4 crimson imps
  A jelly (D:5)
  A bullfrog zombie (D:6)
  2 centaur skeletons
  3 hounds
  10 orc wizards
  6 orc priests
  A bullfrog skeleton (D:5)
  2 iguanas
  7 worker ants
  A howler monkey zombie (D:5)
  A worker ant zombie (D:5)
  Robin (D:4)
  4 gnolls
  12 adders
  A shadow imp (D:5)
  An adder zombie (D:7)
  2 adder skeletons
  A worm (D:3)
  3 dart slugs
  4 leopard geckos
  34 orcs
  4 bats
  6 giant cockroaches
  20 goblins
  8 hobgoblins
  9 jackals
  3 quokkas
  A ball python (D:1)
  A ball python skeleton (D:4)
  5 frilled lizards
  A giant cockroach zombie (D:5)
  6 kobolds
  A leopard gecko skeleton (D:4)
  A quokka skeleton (D:8)
  3 rats
232 creatures vanquished.

Notes
Turn   | Place    | Note
-------+----------+-------------------------------------------
     0 | D:1      | Goblin1989 the Troll Berserker began the quest for the Orb.
     0 | D:1      | Reached XP level 1. HP: 22/22 MP: 0/0
    92 | D:1      | Reached XP level 2. HP: 19/29 MP: 1/1
   660 | D:1      | Reached ** piety under Trog
   683 | D:1      | You fall through a shaft!
   704 | D:2      | Reached XP level 3. HP: 35/36 MP: 2/2
   923 | D:2      | Found a burning altar of Makhleb.
   931 | D:2      | Reached skill level 4 in Unarmed Combat
   931 | D:2      | Reached XP level 4. HP: 36/45 MP: 3/3
  1352 | D:2      | Found a blossoming altar of Fedhas.
  1922 | D:3      | Found a glowing golden altar of the Shining One.
  1982 | D:3      | Reached XP level 5. HP: 43/53 MP: 4/4
  2295 | D:4      | Found a shimmering altar of Xom.
  2311 | D:4      | Found a shimmering altar of Xom.
  2312 | D:4      | Found a shimmering altar of Xom.
  2318 | D:4      | Found a shimmering altar of Xom.
  2319 | D:4      | Found a shimmering altar of Xom.
  2319 | D:4      | Found a shimmering altar of Xom.
  2326 | D:4      | Found a shimmering altar of Xom.
  2393 | D:4      | Noticed Robin
  2410 | D:4      | Killed Robin
  2416 | D:4      | HP: 3/79 [goblin[Robin] (3)]
  2709 | D:4      | Reached skill level 5 in Unarmed Combat
  2963 | D:4      | Reached XP level 6. HP: 61/61 MP: 5/5
  3007 | D:4      | Reached *** piety under Trog
  3225 | D:5      | Entered Level 5 of the Dungeon
  3473 | D:5      | Reached skill level 6 in Unarmed Combat
  3481 | D:5      | Noticed Menkaure
  3486 | D:5      | Killed Menkaure
  3486 | D:5      | Reached XP level 7. HP: 23/70 MP: 6/6
  3848 | D:5      | Reached skill level 7 in Unarmed Combat
  4195 | D:6      | Reached XP level 8. HP: 74/79 MP: 7/7
  4310 | D:6      | Found a staircase to the Ecumenical Temple.
  4455 | D:6      | Noticed Blork the orc
  4463 | D:6      | Killed Blork the orc
  4468 | D:6      | Found a radiant altar of Vehumet.
  4494 | D:6      | Reached skill level 8 in Unarmed Combat
  4648 | D:6      | Found a white marble altar of Elyvilon.
  4651 | D:6      | Reached skill level 5 in Fighting
  4768 | D:6      | Found Ysiuk's Antique Weapon Shoppe.
  4899 | D:6      | Reached skill level 5 in Dodging
  5120 | D:7      | Noticed a hippogriff
  5123 | D:7      | Noticed a two-headed ogre
  5127 | D:7      | Killed a hippogriff
  5133 | D:7      | Killed a two-headed ogre
  5133 | D:7      | Reached skill level 9 in Unarmed Combat
  5133 | D:7      | Reached XP level 9. HP: 61/89 MP: 8/8
  5319 | D:7      | Found a sacrificial altar of Ru.
  5319 | D:7      | Found a basalt altar of Yredelemnul.
  5397 | D:7      | Noticed Prince Ribbit
  5420 | D:7      | Reached **** piety under Trog
  5428 | D:7      | HP: 3/89 [Prince Ribbit (7)]
  5429 | D:7      | Killed Prince Ribbit
  5429 | D:7      | Reached skill level 10 in Unarmed Combat
  5775 | D:8      | Noticed Vesto's ghost (novice GrFi)
  5784 | D:8      | Killed Vesto's ghost
  6102 | D:8      | Reached XP level 10. HP: 82/100 MP: 9/9
  6395 | D:8      | Found Bokhirahe's Armour Shoppe.
  6616 | D:9      | Got a translucent hand axe
  6617 | D:9      | Identified the +9 hand axe "Xiubuklu" {flame, SInv} (You found it on level 9 of the Dungeon)
  6622 | D:9      | Found a blossoming altar of Fedhas.
  6642 | D:9      | Found a sparkling altar of Nemelex Xobeh.
  6686 | D:9      | Found a glowing silver altar of Zin.
  6697 | D:9      | Reached skill level 11 in Unarmed Combat
  6783 | D:9      | Found an iron altar of Okawaru.
  6861 | D:9      | Noticed a two-headed ogre
  6865 | D:9      | Killed a two-headed ogre
  7004 | D:9      | Found a hazy altar of Hepliaklqana.
  7051 | D:9      | Found a shadowy altar of Dithmenos.
  7422 | D:9      | Reached ***** piety under Trog
  7422 | D:9      | Reached skill level 12 in Unarmed Combat
  7576 | D:9      | Found a snail-covered altar of Cheibriados.
  7607 | D:10     | Entered Level 10 of the Dungeon
  7619 | D:10     | Noticed a two-headed ogre
  7638 | D:10     | Killed a two-headed ogre
  7638 | D:10     | Reached XP level 11. HP: 102/109 MP: 10/10
  7824 | D:10     | Noticed Joseph
  7843 | D:10     | Killed Joseph
  7883 | D:10     | Noticed a two-headed ogre
  7888 | D:10     | Killed a two-headed ogre
  8404 | D:11     | Noticed a two-headed ogre
  8424 | D:11     | Killed a two-headed ogre
  8440 | D:11     | HP: 3/111 [centaur (6)]
  8440 | D:11     | Killed from afar by a gargoyle

Vault maps used:
D:1:      lemuel_arrival_room, minmay_ruptured
D:2:      makhleb_heckhound_becter, first_bread, fedhas_altar_4
D:3:      lemuel_coloured_pillars_altar
D:4:      serial_forest, infiniplex_forest_clump_tiny,
          infiniplex_forest_lined_3_way, infiniplex_forest_clump_double,
          infiniplex_forest_lined_room_2, infiniplex_forest_clump_tiny,
          infiniplex_forest_lined_room_2, infiniplex_forest_zigzag_1,
          infiniplex_forest_3_way, infiniplex_forest_clump_long,
          xom_redecorated, uniq_robin
D:5:      uniq_menkaure
D:6:      vehumet_crystals, marbit_many_paths, temple_fountains, serial_shops,
          nicolae_shop_stone, uniq_blork_the_orc
D:7:      gammafunk_temple_overflow_wave, uniq_prince_ribbit1
D:8:      serial_shops, nicolae_shop_stone
D:9:      zin_academy, nicolae_overflow_quartered_altars,
          nicolae_overflow_crystal_walls, hangedman_pestilent_swarm,
          okawaru_altar_gauntlet_db
D:10:     uniq_joseph
D:11:     minmay_statue_hallways, lair_entry_dummy

Skill      XL: |  1  2  3  4  5  6  7  8  9 10 11 |
---------------+----------------------------------+-----
Fighting       | 3 4 5 6 7 8 |  8.0
Unarmed Combat | 4 5 6 7 9 10 12 | 12.9
Dodging        | 3 4 5 6 7 |  7.9

Action                   |  1- 3 |  4- 6 |  7- 9 | 10-12 || total
-------------------------+-------+-------+-------+-------++-------
Melee: Unarmed           |    85 |   194 |   220 |   224 ||   723
       Punch             |       |     2 |    15 |    11 ||    28
Invok: Trog's Hand       |       |     2 |     1 |     2 ||     5
       Berserk           |       |     2 |     1 |     1 ||     4
  Use: Scroll            |       |       |       |     8 ||     8
 Stab: Distracted        |       |       |       |     1 ||     1
       Sleeping          |       |       |       |     1 ||     1
  Eat: Chunk             |    14 |    26 |    26 |    26 ||    92
Armor: Animal skin       |    28 |    67 |    53 |    46 ||   194
Dodge: Dodged            |    39 |    80 |   127 |   121 ||   367

Vault maps used:
D:1:      lemuel_arrival_room, minmay_ruptured
D:2:      makhleb_heckhound_becter, first_bread, fedhas_altar_4
D:3:      lemuel_coloured_pillars_altar
D:4:      serial_forest, infiniplex_forest_clump_tiny,
          infiniplex_forest_lined_3_way, infiniplex_forest_clump_double,
          infiniplex_forest_lined_room_2, infiniplex_forest_clump_tiny,
          infiniplex_forest_lined_room_2, infiniplex_forest_zigzag_1,
          infiniplex_forest_3_way, infiniplex_forest_clump_long,
          xom_redecorated, uniq_robin
D:5:      uniq_menkaure
D:6:      vehumet_crystals, marbit_many_paths, temple_fountains, serial_shops,
          nicolae_shop_stone, uniq_blork_the_orc
D:7:      gammafunk_temple_overflow_wave, uniq_prince_ribbit1
D:8:      serial_shops, nicolae_shop_stone
D:9:      zin_academy, nicolae_overflow_quartered_altars,
          nicolae_overflow_crystal_walls, hangedman_pestilent_swarm,
          okawaru_altar_gauntlet_db
D:10:     uniq_joseph
D:11:     minmay_statue_hallways, lair_entry_dummy
